 Dungeon Crawl Stone Soup version 0.23.2-1-ga50397a (webtiles) character file.

Game seed: 215577886901545916

8 Iscandelvey the Vexing (level 2, 19/21 HPs)
             Began as a Demonspawn Arcane Marksman on Apr 26, 2019.
             Quit the game on level 1 of the Dungeon.
             The game lasted 00:01:10 (423 turns).

Iscandelvey the Vexing (Demonspawn Arcane Marksman)  Turns: 423, Time: 00:01:11

Health: 19/21      AC:  2    Str: 10    XL:     2   Next: 0%
Magic:  1/3        EV: 12    Int: 14    God:
Gold:   35         SH:  0    Dex: 13    Spells: 2/3 levels left

rFire    . . .     SeeInvis .   h - +0 short sword
rCold    . . .     Gourm    .   (no shield)
rNeg     . . .     Faith    .   a - +0 robe
rPois    .         Spirit   .   (no helmet)
rElec    .         Reflect  .   (no cloak)
rCorr    .         Harm     .   (no gloves)
MR       .....                  (no boots)
Stlth    +.........             (no amulet)
HPRegen  0.07/turn              (no ring)
MPRegen  0.08/turn              (no ring)

@: no status effects
A: rot immunity
a: no special abilities


You were on level 1 of the Dungeon.
You were not hungry.

You visited 1 branch of the dungeon, and saw 1 of its levels.

You collected 35 gold pieces.

Inventory:

Hand Weapons
 h - a +0 short sword (weapon)
 j - a +0 spear
Missiles
 c - 5 javelins (quivered)
 d - 2 throwing nets
Armour
 a - a +0 robe (worn)
Scrolls
 b - a scroll of remove curse {unknown}
 e - a scroll of fog {unknown}
 g - a scroll of amnesia {unknown}
 k - a scroll of identify {unknown}
Comestibles
 f - a ration
 i - a chunk of flesh


   Skills:
 - Level 1.0 Fighting
 * Level 2.1 Throwing
 + Level 1.9 Dodging
 + Level 1.2 Spellcasting
 - Level 3.1 Hexes


You had 2 spell levels left.
You knew the following spells:

 Your Spells              Type           Power        Failure   Level  Hunger
a - Corona                Hex            #......      8%          1    ##.....

Your spell library contained the following spells:

 Spells                   Type           Power        Failure   Level  Hunger
 Slow                     Hex            #.......     11%         2    ###....
 Inner Flame              Hex/Fire       #.......     38%         3    ####...
 Portal Projectile        Hex/Tloc       #.....       38%         3    ####...
 Cause Fear               Hex            #.........   58%         4    #####..
 Leda's Liquefaction      Hex/Erth       #.........   80%         4    #####..


Dungeon Overview and Level Annotations

Branches:
Dungeon (1/15)

Altars:


Innate Abilities, Weirdness & Mutations

You are immune to rotting.


Message History

Some of the chunks of flesh in your inventory have rotted away.
A frilled lizard comes into view.
A frilled lizard is nearby!
The frilled lizard hisses angrily.
Casting: Corona (safe; 8% risk of failure)
Confirm with . or Enter, or press ? or * to list all spells.
Aiming: Corona (safe; 8% risk of failure)
Press: ? - help, Shift-Dir - straight line, f - frilled lizard
Aim: a frilled lizard (chance to defeat MR: 62%)
The frilled lizard is outlined in light.
Found 16 gold pieces.
There is a stone staircase leading down here.
Found a dark potion.
The frilled lizard bites you.
You hit the frilled lizard.
You kill the frilled lizard!
You have reached level 2!
Your demonic ancestry asserts itself...
You feel immune to rotting.
Are you sure you want to abandon this character and quit the game? (Confirm with "yes".)

####### #########
#.....# #.......#
#.....# #.#####.#
#.....#
####.##....#####.....#
................>....#
####.##.####.###.....###
#...##.........@†......
#.####.####.#####......
#.#.....# #.# ......
#.#####.# #.# ......
#.......# #.# .....
############.##### ....$
.# #....##≈#.....# ...!
.###.......#.....#
...........#.....#


There were no monsters in sight!

Vanquished Creatures
  A dart slug (D:1)
  A giant cockroach (D:1)
  A goblin (D:1)
  A bat (D:1)
  A frilled lizard (D:1)
  A kobold (D:1)
  A rat (D:1)
7 creatures vanquished.

Notes
Turn   | Place    | Note
-------+----------+-------------------------------------------
     0 | D:1      | Iscandelvey the Demonspawn Arcane Marksman began the quest
                  | for the Orb.
     0 | D:1      | Reached XP level 1. HP: 15/15 MP: 2/2
   422 | D:1      | Gained mutation: You are immune to rotting. [demonic
                  | ancestry]
   422 | D:1      | Reached XP level 2. HP: 19/21 MP: 1/3
   423 | D:1      | Quit the game

Skill      XL: |  1 |
---------------+----+-----
Throwing       | 2 |  2.1
Fighting       | |  1.0
Dodging        | |  1.9
Spellcasting   | |  1.2
Hexes          | |  3.1

Action                   || total
-------------------------++-------
Melee: Short sword       ||    22
       Unarmed           ||    17
 Cast: Corona            ||     3
Armor: Robe              ||     7
Dodge: Dodged            ||    24
